 Dungeon Crawl Stone Soup version 0.29-a0-270-g1586fc07ea (webtiles) character file.

Game seed: 10336546752298356777

30 tilp the Chiller (level 3, 14/14 HPs)
             Began as a Felid Ice Elementalist on Mar 7, 2022.
             Quit the game on level 3 of the Dungeon.
             The game lasted 00:03:23 (2248 turns).

tilp the Chiller (Felid Ice Elementalist)           Turns: 2248, Time: 00:03:24

Health: 14/14      AC:  1    Str:  4    XL:     3   Next: 3%
Magic:  8/8        EV: 17    Int: 18    God:
Gold:   76         SH:  0    Dex: 16    Spells: 0/7 levels left
                                        Lives:  0   Deaths: 1

rFire   . . .      SeeInvis +   (weapon unavailable)
rCold   . . .      Faith    .   (shield unavailable)
rNeg    . . .      Spirit   .   (body armour unavailable)
rPois   .          Reflect  .   (helmet unavailable)
rElec   .          Harm     .   (cloak unavailable)
rCorr   .          Rampage  .   (gloves unavailable)
Will    .....                   (boots unavailable)
Stlth   ++........              (no amulet)
HPRegen 0.04/turn               (no ring)
MPRegen 0.11/turn               (no ring)

@: quick
A: very small, claws 1, fangs 3, see invisible, speed 1, shaggy fur 1, stealthy
paws, no weapons or thrown items, no armour, multi-lived
a: no special abilities


You were on level 3 of the Dungeon.
You visited 1 branch of the dungeon, and saw 3 of its levels.

You collected 76 gold pieces.

Inventory:

Scrolls
 c - a scroll of vulnerability {unknown}
 f - a scroll of summoning {unknown}
 g - a scroll of blinking {unknown}
Potions
 a - a potion of magic
 b - 2 potions of attraction
 d - 2 potions of berserk rage {unknown}
 e - a potion of mutation {unknown}
 h - a potion of invisibility {unknown}
 i - a potion of lignification {unknown}


   Skills:
 - Level 2.6 Dodging
 - Level 2.6 Stealth
 + Level 2.8 Spellcasting
 * Level 4.7 Ice Magic


You couldn't memorise any spells.
You knew the following spells:

 Your Spells              Type           Power      Damage    Failure   Level
a - Freeze                Ice            76%        1d9       2%          1
b - Frozen Ramparts       Ice            38%        1d5       8%          3
c - Ozocubu's Armour      Ice            19%        N/A       8%          3

Your spell library contained the following spells:

 Spells                   Type           Power      Damage    Failure   Level
 Summon Small Mammal      Summ           8%         N/A       17%         1
 Call Canine Familiar     Summ           2%         N/A       45%         3
 Summon Guardian Golem    Hex/Summ       2%         N/A       45%         3
 Tukima's Dance           Hex            2%         N/A       45%         3
 Hailstorm                Conj/Ice       10%        3d5       54%         4
 Anguish                  Hex/Necr       1%         N/A       86%         4
 Enfeeble                 Hex            1%         N/A       100%        7


Dungeon Overview and Level Annotations

Branches:
Dungeon (3/15)

Altars:

Shops:
D:2 (


Innate Abilities, Weirdness & Mutations

You have sharp claws.
You have razor-sharp teeth.
You have supernaturally acute eyesight. (SInv)
You cover ground quickly. (Speed+)
You are covered in fur. (AC +1)
Your paws help you pounce on unaware monsters.
You are incapable of wielding weapons or throwing items.
You cannot wear armour.
You gain extra lives every three experience levels.


Message History

You freeze the rat.
You kill the rat!
Unknown command.
i - a fizzy emerald potion You pick up a book of Callings and begin reading...
You add the spells Summon Small Mammal, Call Canine Familiar and Summon Guardian Golem to your library.
You now have 76 gold pieces (gained 9).
Found a ring mail.
There is an open door here.
You see here a +0 ring mail.
There is an open door here.
There is an open door here.
There is an open door here.
Found a stone staircase leading down.
A sourceless malevolence fills the Dungeon...
You fall into a shaft and drop 1 floor!
The shaft crumbles and collapses.
A scorpion and a white imp come into view.
The white imp shouts!
Found a stone staircase leading up.
Okay, then.
Okay, then.
The white imp gestures at you. The puff of frost hits you!
Ouch! That really hurt!
* * * LOW HITPOINT WARNING * * *
The white imp hits you.
* * * LOW HITPOINT WARNING * * *
The white imp freezes you.
* * * LOW HITPOINT WARNING * * *
The white imp gestures at you. The puff of frost hits you!
You die...
You are now level 3!
You rejoin the land of the living...
Found 20 gold pieces and a pair of gloves.
A bat comes into view.
Unknown command.
Unknown command.
Are you sure you want to abandon this character and quit the game? (Confirm with "yes".)

# # ## #.
######.##
..b#.##........
#.......[.....
##.............
.......@#
..$..###.......
.#. .###... .#
.# .# .# $#


You could see a bat (asleep).

Vanquished Creatures
  An adder (D:2)
  3 dart slugs
  11 ball pythons
  3 bats (D:2)
  9 endoplasms
  3 giant cockroaches (D:1)
  4 goblins
  4 hobgoblins
  2 kobolds
  2 quokkas (D:1)
  A frilled lizard (D:2)
  9 rats
52 creatures vanquished.

Notes
Turn   | Place    | Note
-------+----------+-------------------------------------------
     0 | D:1      | tilp the Felid Ice Elementalist began the quest for the
                  | Orb.
     0 | D:1      | Reached XP level 1. HP: 7/7 MP: 4/4
   178 | D:1      | Reached XP level 2. HP: 11/11 MP: 3/6
   261 | D:1      | Reached skill level 4 in Ice Magic
   716 | D:1      | Reached XP level 3. HP: 11/14 MP: 3/7
   736 | D:1      | Learned a level 3 spell: Frozen Ramparts
  1502 | D:1      | Learned a level 3 spell: Ozocubu's Armour
  1700 | D:2      | Found Rohitus's Antique Weapon Shop.
  2033 | D:2      | Reached XP level 4. HP: 16/18 MP: 3/9
  2242 | D:2      | You fall into a shaft and drop 1 floor!
  2242 | D:3      | Noticed a scorpion
  2247 | D:3      | Killed from afar by a white imp
  2248 | D:3      | Reached XP level 3. HP: -5/14 MP: 8/8
  2248 | D:3      | Quit the game

Illustrated notes

Levels and vault maps discovered:
D:1:      amcnicky_arrival_blooded_trapdoor, layout_basic, st_stairs_11,
          palyth_stone_intersect
D:2:      layout_basic, serial_shops, nicolae_shop_crystal,
          serial_park_tiny_pond
D:3:      layout_loops_ring, uniq_grinder, uniq_sigmund, uniq_ijyb

Skill      XL: |  1  2 |
---------------+-------+-----
Ice Magic      | 4 |  4.7
Dodging        | |  2.6
Stealth        | |  2.6
Spellcasting   | |  2.8

Action                   |  1- 3 |  4- 6 || total
-------------------------+-------+-------++-------
Melee: Unarmed           |    15 |     1 ||    16
       Bite              |     1 |       ||     1
       Punch             |     1 |       ||     1
 Cast: Freeze            |    56 |     3 ||    59
       Frozen Ramparts   |     6 |       ||     6
  Use: Scroll            |     3 |       ||     3
 Stab: Sleeping          |    10 |       ||    10
Armor: Skin              |     4 |       ||     4
Dodge: Dodged            |    35 |     4 ||    39

Table legend: (Time is in decaauts)
 A = Elapsed time spent in this place.
 B = Non-inter-level travel time spent in this place.
 C = Inter-level travel time spent in this place.
 D = Time resting spent in this place.
 E = Time spent auto-exploring this place.
 F = Levels seen in this place.
 G = Mean time per level.
                   A        B        C        D        E       F      G
               +--------+--------+--------+--------+--------+-----+--------+
         Total |   2049 |   2040 |      9 |    606 |   1103 |   3 |  683.0 |
       Dungeon |   2049 |   2040 |      9 |    606 |   1103 |   3 |  683.0 |
               +--------+--------+--------+--------+--------+-----+--------+

Top non-repeatable levels by time:
     D:1: 1402 daAuts
     D:2: 642 daAuts
     D:3: 4 daAuts
